 Dungeon Crawl Stone Soup version 0.21.1-1-g345015fe64 (webtiles) character file.

3737 Emanloe the Skirmisher (level 9, -3/74 HPs)
             Began as a Demonspawn Chaos Knight on May 4, 2018.
             Slain by a killer bee (5 damage)
             ... on level 7 of the Dungeon on May 5, 2018.
             The game lasted 00:32:45 (9521 turns).

Emanloe the Skirmisher (Demonspawn Chaos Knight)    Turns: 9521, Time: 00:32:46

Health: -3/74      AC:  8    Str: 18    XL:     9   Next: 93%
Magic:  9/9        EV: 15    Int: 14    God:    Xom [*.....]
Gold:   436        SH:  0    Dex: 14    Spells: 8/8 levels left

rFire    . . .     SeeInvis .   y - +1 long sword
rCold    . . .     Gourm    .   (no shield)
rNeg     . . .     Faith    .   m - +1 leather armour {rPois}
rPois    +         Spirit   .   (no helmet)
rElec    .         Reflect  .   t - +0 cloak
rCorr    .         Harm     .   n - +0 pair of gloves (curse)
MR       .....                  (no boots)
Stlth    +++.......             (no amulet)
HPRegen  0.22/turn              (no ring)
MPRegen  0.11/turn              (no ring)

@: very slightly contaminated
A: claws 1, molten scales 1, camouflage 1, agile 1, deformed body, nightstalker
1, powered by pain 2, strong 1
a: Renounce Religion


You were on level 7 of the Dungeon.
You worshipped Xom.
You were a special plaything of Xom.
You were very hungry.

You visited 1 branch of the dungeon, and saw 8 of its levels.
You also visited: Sewer.

You collected 436 gold pieces.

Inventory:

Hand Weapons
 y - a +1 long sword (weapon)
Armour
 b - a +2 leather armour
 m - a +1 leather armour of poison resistance (worn)
 n - a cursed +0 pair of gloves (worn)
 t - a +0 cloak (worn)
Wands
 p - a wand of flame (28)
 w - a wand of polymorph (25)
Scrolls
 d - 6 scrolls of identify {unknown}
 e - 4 scrolls of remove curse {unknown}
 f - a scroll of noise {unknown}
 g - 5 scrolls of fear {unknown}
 h - 2 scrolls of immolation {unknown}
 i - 5 scrolls of teleportation {unknown}
 j - a scroll of amnesia {unknown}
 r - 2 scrolls of random uselessness
 s - a scroll of magic mapping
Potions
 a - a potion of cancellation
 v - 3 potions of brilliance
Books
 x - a book of Callings

   Spells                             Type                      Level
   a - Summon Small Mammal            Summoning                    1
   b - Call Imp                       Summoning                    2
   c - Call Canine Familiar           Summoning                    3
   d - Summon Guardian Golem          Hexes/Summoning              3
   e - Summon Lightning Spire         Summoning/Air                4
   f - Summon Ice Beast               Ice/Summoning                4
Comestibles
 c - 6 rations


   Skills:
 + Level 7.8 Fighting
 + Level 7.1 Long Blades
 + Level 6.8 Armour
 + Level 6.5 Dodging


You had 8 spell levels left.
You didn't know any spells.

Dungeon Overview and Level Annotations

Branches:
Dungeon (8/15)             Temple (0/1) D:7
   Lair: D:8-11

Altars:
Elyvilon
Gozag
Nemelex Xobeh
Okawaru
Sif Muna
Trog
Uskayaw
Vehumet
Yredelemnul


Innate Abilities, Weirdness & Mutations

You have sharp fingernails.
You are partially covered in molten scales. (AC +2)
You are slightly more attuned to the shadows.
You sometimes gain power by taking damage.
Your skin changes colour to match your surroundings (Stealth+).
You are agile. (Dex +2)
Armour fits poorly on your strangely shaped body.
Your muscles are strong. (Str +2)


Message History

The killer bee stings you.
* * * LOW HITPOINT WARNING * * *
The killer bee closely misses you. The killer bee stings you!
* * * LOW HITPOINT WARNING * * *
You climb upwards.
There is a stone staircase leading down here.
You hit the killer bee.
The killer bee is lightly wounded.
The killer bee stings you but does no damage.
The killer bee closely misses you.
You hit the killer bee.
The killer bee is lightly wounded.
The killer bee closely misses you. The killer bee stings you.
* * * LOW HITPOINT WARNING * * *
You miss the killer bee.
The killer bee is lightly wounded.
The killer bee closely misses you.
You riposte.
You barely miss the killer bee.
The killer bee is lightly wounded.
The killer bee stings you.
You die...

.##....###....##..##..# ###.#
#.##.........##...##..# #...#
####...._...)###.###..# #.###
###..)....##........# #.#
#.###)..###.##.###.## #.#
#..#######..##.# #.# #.#
#.....##.#..##.# #.# #.#
##.##.##.#..##.###.# #.#
#.##.........@y...# #.###
#.#######..######## #.... #.#
#......# ##### ##.###.###.##
#...#......## ###...#.......##
#........###...##################
.............#....(..............
#........###...#.................


You could see a killer bee.

Vanquished Creatures
  Joseph (D:7)
  Grinder (D:3)
  A hungry ghost (D:7)
  A steam dragon (Sewer)
  An ice beast (D:7)
  2 orc warriors (D:6)
  2 ogres
  A phantom (D:4)
  2 sky beasts
  3 centaurs
  6 big kobolds (Sewer)
  2 bullfrogs (D:7)
  A scorpion (D:6)
  A killer bee (D:8)
  2 crimson imps
  2 jellies (D:5)
  3 orc priests
  A gnoll shaman (D:4)
  2 hounds
  2 bullfrog skeletons
  Crazy Yiuf (D:5)
  7 orc wizards
  Terence (D:3)
  5 worker ants
  A killer bee zombie (D:7)
  A hound skeleton (D:4)
  11 gnolls
  14 adders
  3 river rats (Sewer)
  2 shadow imps
  4 oozes
  An adder skeleton (D:7)
  9 worms
  4 dart slugs (D:3)
  3 leopard geckos
  33 orcs
  6 bats
  A giant cockroach (shapeshifter) (D:3)
  11 giant cockroaches
  2 gnoll zombies (D:2)
  6 hobgoblins
  5 jackals
  15 kobolds
  4 quokkas
  4 ball pythons
  5 frilled lizards
  6 goblins
  9 rats
211 creatures vanquished.

Vanquished Creatures (collateral kills)
  Sigmund (D:3)
  A phantom (D:3)
2 creatures vanquished.

Vanquished Creatures (others)
  A big kobold (Sewer)
  A river rat (D:6)
  2 orcs (D:5)
4 creatures vanquished.

Grand Total: 217 creatures vanquished

Notes
Turn   | Place    | Note
-------+----------+-------------------------------------------
     0 | D:1      | Emanloe the Demonspawn Chaos Knight began the quest for the Orb.
     0 | D:1      | Reached XP level 1. HP: 18/18 MP: 1/1
    10 | D:1      | XOM: divination: magic mapping
    87 | D:1      | XOM: potion effect (might)
    95 | D:1      | Reached skill level 1 in Dodging
   110 | D:1      | You fall through a shaft!
   122 | D:2      | Gained mutation: You are partially covered in molten scales. (AC +2) [demonic ancestry]
   122 | D:2      | Reached XP level 2. HP: 22/24 MP: 2/2
   280 | D:2      | Found a basalt altar of Yredelemnul.
   434 | D:2      | XOM: harmless Summ miscast
   554 | D:2      | XOM: divination: detect creatures
   556 | D:2      | Gained mutation: You are slightly more attuned to the shadows. [demonic ancestry]
   556 | D:2      | Reached XP level 3. HP: 27/29 MP: 3/3
   815 | D:2      | Found a sparkling altar of Nemelex Xobeh.
  1051 | D:2      | XOM: divination: detect creatures
  1060 | D:2      | XOM: silly message
  1098 | D:2      | Reached XP level 4. HP: 27/35 MP: 4/4
  1125 | D:1      | XOM: divination: magic mapping
  1363 | D:1      | XOM: divination: detect creatures
  1973 | D:3      | Noticed a phantom
  1974 | D:3      | XOM: give mutations
  1974 | D:3      | Gained mutation: Your muscles are strong. (Str +2) [Xom's grace]
  1974 | D:3      | Gained mutation: You are robust. (+10% HP) [Xom's grace]
  1974 | D:3      | Gained mutation: You are agile. (Dex +2) [Xom's grace]
  1980 | D:3      | Noticed Sigmund
  1990 | D:3      | XOM: summons 2 friendly demons
  1996 | D:3      | Killed Sigmund
  1996 | D:3      | Reached XP level 5. HP: 8/46 MP: 5/5
  2008 | D:3      | Killed a phantom
  2008 | D:3      | Gained mutation: You sometimes gain a little power by taking damage. [demonic ancestry]
  2008 | D:3      | Reached XP level 6. HP: 11/52 MP: 6/6
  2277 | D:3      | Noticed Grinder
  2293 | D:3      | XOM: snakes to sticks
  2304 | D:3      | Killed Grinder
  2497 | D:3      | Gained mutation: You sometimes gain power by taking damage. [demonic ancestry]
  2497 | D:3      | Reached XP level 7. HP: 58/60 MP: 7/7
  2911 | D:3      | Noticed Natasha
  2933 | D:3      | XOM: swap monsters
  2947 | D:3      | XOM: medium Erth miscast
  2966 | D:3      | XOM: 9-stop teleportation journey
  3170 | D:3      | Noticed Natasha
  3170 | D:3      | Natasha changed into Natasha the quokka
  3171 | D:3      | Killed Natasha the quokka
  3175 | D:3      | XOM: summons 3 hostile shadow creatures
  3305 | D:3      | Noticed Terence
  3316 | D:3      | Killed Terence
  3437 | D:4      | XOM: blink monster(s)
  3444 | D:4      | XOM: enchant monster (good)
  3452 | D:4      | XOM: summons 2 friendly demons
  3469 | D:4      | Reached skill level 5 in Fighting
  3778 | D:4      | XOM: summons 3 friendly demons
  3873 | D:4      | XOM: 1-stop teleportation journey
  3914 | D:4      | XOM: scenery: 1 doors open
  4038 | D:5      | Entered Level 5 of the Dungeon
  4041 | D:4      | HP: 3/61 [orc/flail (7)]
  4043 | D:4      | HP: 1/61 [orc/club (3)]
  4449 | D:4      | Found an opulent altar of Gozag.
  4551 | D:4      | XOM: cloud trail
  5474 | D:5      | XOM: destruction
  5477 | D:5      | Gained mutation: You have sharp fingernails. [demonic ancestry]
  5477 | D:5      | Reached XP level 8. HP: 53/69 MP: 8/8
  5478 | D:5      | Reached skill level 5 in Long Blades
  5607 | D:5      | Found a hide-covered altar of Uskayaw.
  5607 | D:5      | XOM: 7-stop teleportation journey
  5719 | D:5      | Found a runed door.
  5723 | D:5      | Noticed Crazy Yiuf
  5728 | D:5      | Killed Crazy Yiuf
  6040 | D:5      | XOM: give mutation
  6040 | D:5      | Gained mutation: Your skin changes colour to match your surroundings (Stealth+). [Xom's grace]
  6118 | D:6      | Reached skill level 5 in Armour
  6184 | D:6      | Found a white marble altar of Elyvilon.
  6244 | D:6      | Found a glowing drain.
  6276 | Sewer    | Entered a sewer
  6298 | Sewer    | XOM: noise
  6485 | Sewer    | XOM: stat loss: -1 Dex (13/14)
  6512 | Sewer    | XOM: mild Tmut miscast
  6517 | Sewer    | Reached skill level 5 in Dodging
  6530 | Sewer    | XOM: summons 1 hostile shadow creature
  7125 | Sewer    | XOM: polymorph something unseen -> steam dragon
  7133 | Sewer    | Reached XP level 9. HP: 35/78 MP: 9/9
  7407 | Sewer    | XOM: enchant monster (bad)
  7410 | Sewer    | XOM: divine lightning
  7671 | D:6      | XOM: mild Hex miscast
  7844 | D:6      | XOM: harmless Tmut miscast
  8061 | D:6      | XOM: severe Pois miscast
  8172 | D:6      | XOM: give mutations
  8172 | D:6      | Gained mutation: Armour fits poorly on your strangely shaped body. [Xom's mischief]
  8172 | D:6      | Lost mutation: You are robust. (+10% HP) [Xom's mischief]
  8261 | D:7      | Found a staircase to the Ecumenical Temple.
  8421 | D:7      | Noticed a moth of wrath
  8424 | D:7      | Noticed a mana viper
  8424 | D:7      | a moth of wrath changed into a mana viper
  8424 | D:7      | XOM: polymorph moth of wrath -> mana viper
  8447 | D:7      | Found a bloodstained altar of Trog.
  8645 | D:7      | XOM: harmless Hex miscast
  8742 | D:7      | Found a hide-covered altar of Uskayaw.
  8819 | D:7      | Found an iron altar of Okawaru.
  8819 | D:7      | Found a deep blue altar of Sif Muna.
  8820 | D:7      | Found a radiant altar of Vehumet.
  8971 | D:7      | Noticed Joseph
  8984 | D:7      | XOM: chaos cloud
  8985 | D:7      | XOM: confusion (+ monsters)
  8986 | D:7      | XOM: summons 2 friendly demons
  9000 | D:7      | Killed Joseph
  9253 | D:7      | XOM: mild Ice miscast
  9496 | D:8      | XOM: swap monsters
  9520 | D:7      | HP: 2/74 [killer bee (6)]
  9521 | D:7      | Slain by a killer bee

Skill      XL: |  1  2  3  4  5  6  7  8  9 |
---------------+----------------------------+-----
Dodging        | 1 2 3 4 5 6 |  6.5
Armour         | 2 3 4 5 6 |  6.8
Long Blades    | 3 4 6 7 |  7.1
Fighting       | 4 5 6 7 |  7.8

Action                   |  1- 3 |  4- 6 |  7- 9 || total
-------------------------+-------+-------+-------++-------
Melee: Falchion          |    97 |    69 |   699 ||   865
       Long sword        |       |       |   109 ||   109
  Use: Potion            |       |     1 |    13 ||    14
       Scroll            |       |       |     4 ||     4
 Stab: Petrified         |     2 |       |    13 ||    15
       Sleeping          |     5 |     3 |    21 ||    29
       Paralysed         |       |     6 |    15 ||    21
       Confused          |       |       |     6 ||     6
       Petrifying        |       |       |     1 ||     1
       Distracted        |       |       |     1 ||     1
  Eat: Chunk             |       |     4 |     5 ||     9
       Ration            |       |       |     6 ||     6
Armor: Leather armour    |    31 |    25 |   264 ||   320
Dodge: Dodged            |    52 |    42 |   652 ||   746
       Rpst.: Falchion   |    12 |    16 |   157 ||   185
       Long sword        |       |       |    36 ||    36
